 Dungeon Crawl Stone Soup version 0.28-a0-1339-ga5422284a4 (webtiles) character file.

Game seed: 1591107318463815105

6 vivovinco the Skirmisher (level 1, -1/18 HPs)
             Began as a Demonspawn Abyssal Knight on Dec 28, 2021.
             Was a Follower of Lugonu.
             Slain by a kobold (5 damage)
             ... on level 1 of the Dungeon.
             The game lasted 00:01:29 (133 turns).

vivovinco the Skirmisher (Demonspawn Abyssal Knight) Turns: 133, Time: 00:01:30

Health: -1/18      AC:  3    Str: 13    XL:     1   Next: 75%
Magic:  2/2        EV: 11    Int: 11    God:    Lugonu [*.....]
Gold:   0          SH:  0    Dex: 13    Spells: 0/0 levels left

rFire   . . .      SeeInvis .   a - +1 hand axe
rCold   . . .      Faith    .   (no shield)
rNeg    . . .      Spirit   .   b - +0 leather armour
rPois   .          Reflect  .   (no helmet)
rElec   .          Harm     .   (no cloak)
rCorr   .          Rampage  .   (no gloves)
Will    .....                   (no boots)
Stlth   +.........              (no amulet)
HPRegen 0.06/turn               (no ring)
MPRegen 0.08/turn               (no ring)

@: no status effects
A: no striking features
a: Renounce Religion, Depart the Abyss


You were on level 1 of the Dungeon.
You worshipped Lugonu.
Lugonu was aware of your devotion.
You visited 1 branch of the dungeon, and saw 1 of its levels.
You visited the Abyss 1 time.

Inventory:

Hand Weapons
 a - a +1 hand axe (weapon)
Armour
 b - a +0 leather armour (worn)
Scrolls
 c - a scroll of identify {unknown}


   Skills:
 + Level 3.2 Fighting
 + Level 1.9 Axes
 + Level 1.9 Armour
 + Level 0.8 Dodging
 - Level 2.4 Invocations


You couldn't memorise any spells.
You didn't know any spells.
Your spell library contained the following spells:

 Spells                   Type           Power      Damage    Failure   Level
 Gell's Gravitas          Tloc           0%         N/A       80%         3
 Teleport Other           Tloc           0%         N/A       80%         3
 Dispersal                Tloc           0%         N/A       100%        6


Dungeon Overview and Level Annotations

Branches:
Dungeon (1/15)

Altars:


Message History

You completely miss the ball python.
The ball python is severely wounded.
The ball python barely misses you. The ball python closely misses you.
The ball python bites you but does no damage.
The ball python closely misses you.
You closely miss the ball python.
The ball python is severely wounded.
The endoplasm quivers.
The ball python barely misses you. The ball python grabs you.
The ball python constricts you.
You slash the ball python!
You kill the ball python!
Lugonu accepts your kill.
You hit the kobold but do no damage. You barely miss the kobold.
You hit the kobold but do no damage. The kobold misses you.
A rat comes into view.
The kobold hits you with a +0 short sword. x2
You hit the kobold.
You kill the kobold!
Lugonu accepts your kill.
You can now depart the Abyss.
You barely miss the kobold. The kobold hits you but does no damage.
The quokka barely misses you.
You closely miss the kobold. You barely miss the quokka.
The quokka closely misses you.
The kobold hits you with a +0 short sword.
You hit the kobold.
The kobold is moderately wounded.
You closely miss the quokka. The quokka barely misses you.
The kobold hits you with a +0 short sword.
You hit the kobold.
The kobold is severely wounded.
You closely miss the quokka. The quokka misses you.
The kobold hits you but does no damage. The quokka bites you.
* * * LOW HITPOINT WARNING * * *
You barely miss the kobold.
The kobold is severely wounded.
You hit the quokka.
The kobold hits you with a +0 short sword.
You die...

......... .........
#.......# ........#
........# ##########
........#####.........
........+......#######
........#####.........
+......Jr@............
#.......#K..#.#..#####
#.
#########...#.#....#
.. #...#.##..###.#
#...#.).......#
##########..#####..
#<#≈.≈P≈'..........
#.#.≈≈P.#.#..###...
#.#P≈≈.≈#).†......#


You could see an endoplasm, a quokka and a kobold.

Vanquished Creatures
  A ball python (D:1)
  A bat (D:1)
  2 kobolds (D:1)
  A quokka (D:1)
5 creatures vanquished.

Notes
Turn   | Place    | Note
-------+----------+-------------------------------------------
     0 | Abyss:1  | vivovinco the Demonspawn Abyssal Knight began the quest for
                  | the Orb.
     0 | Abyss:1  | Reached XP level 1. HP: 18/18 MP: 2/2
     0 | D:1      | Escaped the Abyss
   129 | D:1      | Reached * piety under Lugonu
   133 | D:1      | Slain by a kobold

Illustrated notes

Levels and vault maps discovered:
D:1:      lightli_arrival_flooded_house, layout_basic, serial_shops, shop,
          ebering_ecumenical_altar_sacrificial, serial_park_tiny_1

Action                   || total
-------------------------++-------
Melee: Hand axe          ||    21
Invok: Depart the Abyss  ||     1
 Stab: Sleeping          ||     1
Armor: Leather armour    ||     4
Dodge: Dodged            ||    22

Table legend: (Time is in decaauts)
 A = Elapsed time spent in this place.
 B = Non-inter-level travel time spent in this place.
 C = Inter-level travel time spent in this place.
 D = Time resting spent in this place.
 E = Time spent auto-exploring this place.
 F = Levels seen in this place.
 G = Mean time per level.
                   A        B        C        D        E       F      G
               +--------+--------+--------+--------+--------+-----+--------+
         Total |    137 |    137 |      0 |     59 |     13 |   2 |   68.5 |
       Dungeon |    137 |    137 |      0 |     59 |     13 |   1 |  137.0 |
         Abyss |      0 |      0 |      0 |      0 |      0 |   1 |    0.0 |
               +--------+--------+--------+--------+--------+-----+--------+

Top non-repeatable levels by time:
     D:1: 137 daAuts
